[Event "Titled Tuesday Blitz April 05 Late 2022"]
[White "Mikhnenko, Alexander"]
[Black "Hasangatin, Ramil"]
[WhiteFideId "34143014"]
[BlackFideId "4122160"]
[WhiteElo "2398"]
[BlackElo "2645"]
[Result "0-1"]
[Round "06"]
[TimeControl "180+1"]
[Date "2022.04.06"]
[WhiteClock "0:00:05"]
[BlackClock "0:00:17"]

1. e4 c5 2. Nf3 Nc6 3. Bb5 Na5 4. O-O a6 5. Be2 e6 6. c3 Nf6 7. Qc2 b5 8. d4 Bb7 9. Nbd2 cxd4 10. cxd4 Rc8 11. Qb1 d5 12. e5 Ne4 13. Bd3 Nxd2 14. Bxd2 Nc4 15. Bf4 h6 16. h4 Be7 17. h5 Bg5 18. Bxg5 hxg5 19. g4 f6 20. b3 Na3 21. Qb2 b4 22. Qe2 Rc3 23. Bg6+ Kd7 24. Rfe1 Qb6 25. exf6 gxf6 26. Bf7 Rc6 27. Rac1 Rd6 28. Qd3 Nb5 29. Qg6 Nxd4 30. Nxd4 Qxd4 31. Qg7 Qxg4+ 32. Kf1 Qh3+ 33. Ke2 Rc6 34. Qxh8 Qg4+ 35. Kf1 Qh3+ 36. Kg1 Qg4+ 37. Kf1 Qh3+ 38. Ke2 Qg4+ 39. f3 Qg2+ 40. Ke3 d4+ 41. Kxd4 Qd2+ 42. Ke4 Rc4# 0-1


[Site "https://www.chess.com"]

[Event "Titled Tuesday Blitz April 05 Late 2022"]
[White "Moussard, Jules"]
[Black "Nepomniachtchi, Ian"]
[WhiteFideId "642908"]
[BlackFideId "4168119"]
[WhiteElo "2589"]
[BlackElo "2740"]
[Result "0-1"]
[Round "06"]
[TimeControl "180+1"]
[Date "2022.04.05"]
[WhiteClock "0:00:02"]
[BlackClock "0:00:29"]

1. Nf3 d5 2. g3 g6 3. d3 Bg7 4. Bg2 e5 5. O-O Nc6 6. e4 Nf6 7. exd5 Nxd5 8. Nc3 Nxc3 9. bxc3 O-O 10. Re1 h6 11. Rb1 Kh7 12. Nd2 Qd7 13. Nc4 Re8 14. f4 e4 15. Rxe4 Rxe4 16. Bxe4 Bxc3 17. Be3 Bg7 18. Kh1 b6 19. Qf3 Bb7 20. f5 Nd4 21. fxg6+ fxg6 22. Bxg6+ Kxg6 23. Qxb7 Re8 24. Bxd4 Bxd4 25. Rf1 Qe6 26. Qf3 Bc5 27. d4 Bxd4 28. Nd2 c5 29. Qd3+ Kg7 30. Nf3 Qe4 31. Re1 Qxd3 32. cxd3 Rxe1+ 33. Nxe1 b5 34. Kg2 Kf6 35. Kf3 Ke5 36. Ke2 Bc3 37. Nf3+ Kf5 38. h3 a5 39. Ke3 a4 40. g4+ Ke6 41. Ke2 b4 42. Kd1 b3 43. a3 Bb2 44. Nd2 Bxa3 45. Nc4 Bb4 46. Kc1 a3 47. Kb1 a2+ 48. Ka1 Bc3+ 49. Nb2 Kd5 50. h4 Kd4 51. g5 Ke3 52. g6 Kd2 53. g7 Kc2 54. g8=R Bxb2# 0-1


[Site "https://www.chess.com"]

[Event "Titled Tuesday Blitz April 05 Late 2022"]
[White "Naroditsky, Daniel"]
[Black "Sevian, Samuel"]
[WhiteFideId "2026961"]
[BlackFideId "2040506"]
[WhiteElo "2608"]
[BlackElo "2698"]
[Result "1/2-1/2"]
[Round "06"]
[TimeControl "180+1"]
[Date "2022.04.05"]
[WhiteClock "0:00:32"]
[BlackClock "0:00:52"]

1. e4 e5 2. Nf3 Nc6 3. Nc3 Nf6 4. d4 exd4 5. Nd5 Nb4 6. Nxf6+ Qxf6 7. a3 Nc6 8. Bd3 d6 9. Bb5 Bd7 10. O-O h6 11. Re1 Be7 12. Bxc6 Bxc6 13. Nxd4 Bd7 14. Re3 O-O 15. Rg3 Rfe8 16. Qd3 d5 17. exd5 Bd6 18. Re3 Qh4 19. h3 Qh5 20. c4 Re5 21. Rxe5 Qxe5 22. Nf3 Qf6 23. Be3 Re8 24. c5 Bf8 25. Bd4 Qf5 26. Qxf5 Bxf5 27. Re1 Rxe1+ 28. Nxe1 Be4 29. d6 cxd6 30. cxd6 Bxd6 31. Bxa7 Be5 32. b3 Bc3 33. Kf1 Bxe1 34. Kxe1 Bxg2 35. h4 g5 36. hxg5 1/2-1/2


[Site "https://www.chess.com"]

[Event "Titled Tuesday Blitz April 05 Late 2022"]
[White "Nasuta, Grzegorz"]
[Black "Pesotskiy, Mikhail"]
[WhiteFideId "1141686"]
[BlackFideId "34164453"]
[WhiteElo "2629"]
[BlackElo "2465"]
[Result "1-0"]
[Round "06"]
[TimeControl "180+1"]
[Date "2022.04.06"]
[WhiteClock "0:00:56"]
[BlackClock "0:00:03"]

1. b3 Nf6 2. Bb2 g6 3. e4 Bg7 4. e5 Nd5 5. c4 Nb6 6. Nf3 d6 7. d4 Nc6 8. exd6 cxd6 9. Be2 O-O 10. O-O a5 11. Nc3 a4 12. Rb1 Bf5 13. Rc1 Bg4 14. Nb5 Nb4 15. a3 Nc6 16. b4 d5 17. c5 Nc4 18. Bxc4 dxc4 19. h3 Be6 20. Re1 Bd5 21. Ne5 Nxe5 22. dxe5 Qd7 23. Nc7 Rad8 24. Nxd5 Qxd5 25. Qxd5 Rxd5 26. Rxc4 Rd2 27. Bc1 Ra2 28. b5 Rc8 29. f4 e6 30. Rd1 Bf8 31. c6 bxc6 32. bxc6 Ra1 33. c7 Kg7 34. Rd8 Rxc7 35. Rxc7 Bxa3 36. Rdc8 Bb2 37. Kf2 a3 38. Rc2 Rb1 39. Bxb2 axb2 40. Rb8 1-0


[Site "https://www.chess.com"]

[Event "Titled Tuesday Blitz April 05 Late 2022"]
[White "Nazaretyan, Tigran"]
[Black "Morris-Suzuki, Sophie"]
[WhiteFideId "24162345"]
[BlackFideId "30922615"]
[WhiteElo "2615"]
[BlackElo "2516"]
[Result "1-0"]
[Round "06"]
[TimeControl "180+1"]
[Date "2022.04.06"]
[WhiteClock "0:00:55"]
[BlackClock "0:00:06"]

1. d4 d5 2. c4 e6 3. Nf3 Nf6 4. Nc3 Be7 5. Bf4 O-O 6. e3 Nbd7 7. c5 b6 8. b4 c6 9. Bd3 a5 10. a3 Ba6 11. O-O Qc8 12. Qe2 Bxd3 13. Qxd3 Qa6 14. Qxa6 Rxa6 15. b5 cxb5 16. c6 b4 17. Nb5 Nb8 18. Rfc1 Rc8 19. axb4 Bxb4 20. Ne5 Ra8 21. Rc2 Ne4 22. f3 Nd6 23. Nxd6 Bxd6 24. Rac1 Na6 25. Nd7 Bxf4 26. exf4 Nb4 27. Nxb6 Nxc2 28. Rxc2 a4 29. c7 a3 30. Nxa8 a2 31. Rxa2 Kf8 32. Ra7 Ke7 33. Nb6 Rxc7 34. Rxc7+ Kf6 35. g4 Kg6 36. h4 h5 37. Nd7 f6 38. Nf8+ Kh6 39. g5+ fxg5 40. fxg5# 1-0


[Site "https://www.chess.com"]

[Event "Titled Tuesday Blitz April 05 Late 2022"]
[White "Pakleza, Zbigniew"]
[Black "Vusatiuk, Vladimir"]
[WhiteFideId "1119290"]
[BlackFideId "14118610"]
[WhiteElo "2467"]
[BlackElo "2157"]
[Result "1-0"]
[Round "06"]
[TimeControl "180+1"]
[Date "2022.04.05"]
[WhiteClock "0:00:07"]
[BlackClock "0:00:02"]

1. d4 d5 2. Bf4 Nf6 3. e3 e6 4. Nf3 Bd6 5. Bg3 O-O 6. Nbd2 b6 7. Ne5 c5 8. c3 Qc7 9. f4 Ba6 10. Bxa6 Nxa6 11. Qf3 b5 12. O-O Rab8 13. a3 Rb7 14. Bh4 Nd7 15. Rfc1 Nab8 16. b4 c4 17. a4 a5 18. bxa5 b4 19. cxb4 Bxb4 20. Ndxc4 dxc4 21. Nxc4 Ra7 22. Rab1 Na6 23. Nb6 Qd6 24. Rc6 Qb8 25. Nxd7 Rxd7 26. Rxa6 Rb7 27. Rb6 Rxb6 28. axb6 Qxb6 29. Be7 Rc8 30. Bxb4 Rc2 31. a5 Qa6 32. Qf1 Qa8 33. a6 h6 34. Bc5 Kh7 35. a7 Qe4 36. Ra1 1-0


[Site "https://www.chess.com"]

[Event "Titled Tuesday Blitz April 05 Late 2022"]
[White "Papp, Levente"]
[Black "Buchenau, Frank"]
[WhiteFideId "751243"]
[BlackFideId "4604350"]
[WhiteElo "2618"]
[BlackElo "2460"]
[Result "0-1"]
[Round "06"]
[TimeControl "180+1"]
[Date "2022.04.06"]
[WhiteClock "0:00:02"]
[BlackClock "0:00:11"]

1. g3 e5 2. c4 Nf6 3. Bg2 c6 4. Nf3 e4 5. Nd4 d5 6. d3 Bc5 7. Nb3 Bb4+ 8. Bd2 Bxd2+ 9. Qxd2 exd3 10. cxd5 dxe2 11. Qxe2+ Qe7 12. Qxe7+ Kxe7 13. dxc6 Nxc6 14. O-O Re8 15. Na3 Kf8 16. Rac1 Nb4 17. Nb5 Re2 18. Nd6 Bd7 19. a3 Nd3 20. Rc3 Nxb2 21. Nxb7 Rc8 22. N7c5 Bf5 23. Bf3 Rc2 24. Rc1 Rxc3 25. Rxc3 Nd3 26. Rxd3 Bxd3 27. Nxd3 Rc3 28. Nbc5 Ke7 29. Bd1 Kd6 30. a4 Rxc5 31. Nxc5 Kxc5 32. Kf1 Ne4 33. Bc2 Nc3 34. Bxh7 Nxa4 35. Ke2 Nc3+ 36. Kd2 Kd4 37. Bg8 f6 38. f3 a5 39. h4 a4 40. h5 a3 41. Kc2 a2 42. Kb2 Ke3 43. Be6 Kxf3 44. g4 Kf4 45. Bc8 Kg5 46. Bd7 Ne4 47. Kxa2 Nf2 48. Kb3 Nxg4 49. Kc4 Kxh5 50. Kd4 Kg5 51. Ke4 Ne5 52. Bb5 Nf7 53. Bd7 Nd6+ 54. Kf3 f5 55. Bc6 Kf6 56. Kf2 g5 57. Ba8 Ke5 58. Bc6 Kf4 59. Kg2 g4 60. Bd5 Ne4 61. Bc4 Ke3 62. Be6 Kf4 63. Bc8 Kg5 64. Bd7 f4 65. Bc6 f3+ 66. Kg1 Kf4 67. Kh2 g3+ 68. Kh3 Nd2 69. Bb5 g2 70. Kh2 Ke3 71. Ba6 Kf2 0-1


[Site "https://www.chess.com"]

[Event "Titled Tuesday Blitz April 05 Late 2022"]
[White "Pavlidou, Ekaterini"]
[Black "Potapova, Margarita"]
[WhiteFideId "4213262"]
[BlackFideId "14126869"]
[WhiteElo "2374"]
[BlackElo "2596"]
[Result "0-1"]
[Round "06"]
[TimeControl "180+1"]
[Date "2022.04.06"]
[WhiteClock "0:02:08"]
[BlackClock "0:02:05"]

1. d4 Nf6 2. c4 e6 3. Nc3 Bb4 4. e3 O-O 5. Bd3 d5 6. Ne2 c5 7. a3 Bxc3+ 8. Nxc3 cxd4 9. exd4 dxc4 10. Bxc4 Nc6 11. Be3 b6 12. O-O Bb7 13. Qf3 Na5 14. Qe2 Nxc4 15. Qxc4 Rc8 16. Qe2 Nd5 17. Nxd5 Bxd5 18. Qd2 Qf6 19. Bg5 Qg6 20. f3 h6 21. h4 hxg5 22. hxg5 Rc2 23. Qf4 f6 24. Rf2 Rxf2 25. Kxf2 fxg5 26. Qc7 g4 0-1


[Site "https://www.chess.com"]

[Event "Titled Tuesday Blitz April 05 Late 2022"]
[White "Piesik, Piotr"]
[Black "Ezat, Mohamed"]
[WhiteFideId "1136194"]
[BlackFideId "10600906"]
[WhiteElo "2634"]
[BlackElo "2593"]
[Result "1-0"]
[Round "06"]
[TimeControl "180+1"]
[Date "2022.04.06"]
[WhiteClock "0:00:41"]
[BlackClock "0:00:09"]

1. Nf3 Nf6 2. g3 g6 3. Bg2 Bg7 4. O-O O-O 5. d4 d6 6. Nbd2 Nc6 7. e4 e5 8. dxe5 Nxe5 9. Nxe5 dxe5 10. Qe2 Qe7 11. Nc4 b6 12. Be3 Ba6 13. Rfd1 Rfd8 14. f3 Ne8 15. b3 Nd6 16. Bf1 Nxc4 17. bxc4 Qa3 18. Rd3 Qb2 19. Rad1 Bf6 20. Rd7 Qxa2 21. Rxc7 Rxd1 22. Qxd1 Rd8 23. Rd7 Rxd7 24. Qxd7 Kg7 25. Qxa7 Bxc4 26. Qxa2 Bxa2 27. Bxb6 Be7 28. Kf2 f5 29. Bd3 Kf6 30. Ke3 Bb4 31. Bd8+ Ke6 32. Bb6 Ba3 33. Kd2 Bb4+ 34. c3 Ba3 35. Kc2 fxe4 36. fxe4 Kd6 37. Bb5 Be6 38. Kd3 Bc5 39. Bxc5+ Kxc5 40. Ba6 Bh3 41. Ke3 h6 42. Bd3 Be6 43. h4 Bf7 44. Kd2 Be6 45. Bc2 g5 46. hxg5 hxg5 47. Ba4 Bc4 48. Bd7 Ba6 49. Be6 Bf1 50. Ke3 Bb5 51. Kf3 Kd6 52. Bf5 Kc5 53. Kg4 Kc4 54. Kxg5 Kxc3 55. Kf6 Kd4 56. g4 1-0


[Site "https://www.chess.com"]

[Event "Titled Tuesday Blitz April 05 Late 2022"]
[White "Pinheiro, Iung Alicio de O."]
[Black "Kohler, Aran"]
[WhiteFideId "2104350"]
[BlackFideId "1002856"]
[WhiteElo "2556"]
[BlackElo "2327"]
[Result "1-0"]
[Round "06"]
[TimeControl "180+1"]
[Date "2022.04.06"]
[WhiteClock "0:00:14"]
[BlackClock "0:00:03"]

1. c4 e5 2. g3 Nf6 3. Bg2 Nc6 4. Nc3 Bb4 5. Nd5 Bc5 6. e3 d6 7. Ne2 Nxd5 8. cxd5 Ne7 9. O-O Ng6 10. d4 Bb6 11. dxe5 Nxe5 12. Nc3 O-O 13. Na4 Bg4 14. f3 Bh5 15. Nxb6 axb6 16. b3 c5 17. dxc6 bxc6 18. Bb2 Re8 19. Qd4 f6 20. a3 c5 21. Qd2 Rc8 22. f4 Ng4 23. e4 Bf7 24. Qe2 h5 25. h3 Nh6 26. Qb5 Qc7 27. Rac1 Re7 28. Rfd1 Rce8 29. b4 Rxe4 30. Bxe4 Rxe4 31. Re1 Qe7 32. Qf1 Nf5 33. Qf2 Nd4 34. Bxd4 cxd4 35. Rcd1 Bb3 36. Rxe4 Qxe4 37. Qxd4 Qf3 38. Rd3 Qe2 39. Rxb3 Qe1+ 40. Kg2 Qe2+ 41. Qf2 Qe4+ 42. Kh2 Qc4 43. Re3 d5 44. Qe2 Kf7 45. Qxc4 dxc4 46. b5 Kg6 47. Rc3 Kf5 48. Rxc4 g6 49. Rc6 h4 50. Rxb6 hxg3+ 51. Kxg3 g5 52. fxg5 fxg5 53. Rb8 Kg6 54. b6 Kh5 55. b7 Kg6 56. Rg8+ Kh5 57. b8=Q Kh6 58. Qd6+ Kh5 59. Qg6# 1-0


[Site "https://www.chess.com"]

[Event "Titled Tuesday Blitz April 05 Late 2022"]
[White "Polok, Kacper"]
[Black "Brizzi, Milagros Tatiana"]
[WhiteFideId "1137158"]
[BlackFideId "128350"]
[WhiteElo "2224"]
[BlackElo "1844"]
[Result "1-0"]
[Round "06"]
[TimeControl "180+1"]
[Date "2022.04.06"]
[WhiteClock "0:01:36"]
[BlackClock "0:00:05"]

1. f4 c6 2. Nf3 d5 3. e3 Nf6 4. d4 Bg4 5. Bd3 e6 6. c3 Nbd7 7. O-O Be7 8. Nbd2 O-O 9. h3 Bxf3 10. Qxf3 c5 11. b3 Rc8 12. Bb2 cxd4 13. exd4 a6 14. Rac1 b5 15. Qe3 Nb6 16. Nf3 Rc7 17. Ne5 Qb8 18. Kh1 Nbd7 19. g4 Rfc8 20. g5 Ne8 21. f5 Nxe5 22. dxe5 Bc5 23. Qf4 Qb7 24. g6 hxg6 25. fxg6 a5 26. Qh4 fxg6 27. Bxg6 d4+ 28. Kh2 Nf6 29. cxd4 Bb4 30. exf6 gxf6 31. Rg1 Rg7 32. Qxf6 Bd6+ 33. Rg3 Bxg3+ 34. Kxg3 Rxc1 35. Bxc1 Qc7+ 36. Bf4 Qc3+ 37. Kg4 Qe1 38. Qd8# 1-0


[Site "https://www.chess.com"]

[Event "Titled Tuesday Blitz April 05 Late 2022"]
[White "Prohorov, Olexandr"]
[Black "Andrews, Todd"]
[WhiteFideId "14105578"]
[BlackFideId "2012456"]
[WhiteElo "1993"]
[BlackElo "2301"]
[Result "1-0"]
[Round "06"]
[TimeControl "180+1"]
[Date "2022.04.06"]
[WhiteClock "0:00:13"]
[BlackClock "0:00:02"]

1. e4 e6 2. d4 d5 3. Nc3 Bb4 4. Ne2 dxe4 5. a3 Bxc3+ 6. Nxc3 Nc6 7. Bb5 Ne7 8. Nxe4 a6 9. Bxc6+ Nxc6 10. c3 O-O 11. O-O b6 12. Qf3 Qd5 13. Bf4 Bb7 14. Bxc7 Na5 15. Rfe1 f5 16. Nd2 Qd7 17. Qf4 Rac8 18. Be5 Qd5 19. Nf3 h6 20. h4 Nc4 21. Re2 b5 22. Qg3 Rf7 23. h5 a5 24. Bf4 b4 25. axb4 axb4 26. b3 bxc3 27. bxc4 Qxc4 28. Rae1 Bxf3 29. Qxf3 Qxd4 30. Rxe6 c2 31. Bc1 Kh7 32. R6e2 Qd1 33. Kh2 Rd8 34. Qg3 Rf6 35. Bb2 Rdd6 36. Bxf6 Rxf6 37. Qc3 1-0


[Site "https://www.chess.com"]

[Event "Titled Tuesday Blitz April 05 Late 2022"]
[White "Quintiliano Pinto, Renato R."]
[Black "Mkrtchyan, Mariam"]
[WhiteFideId "2117568"]
[BlackFideId "13310828"]
[WhiteElo "2439"]
[BlackElo "1984"]
[Result "0-1"]
[Round "06"]
[TimeControl "180+1"]
[Date "2022.04.05"]
[WhiteClock "0:00:01"]
[BlackClock "0:00:17"]

1. e4 c6 2. d4 d5 3. Nc3 dxe4 4. Nxe4 Bf5 5. Ng3 Bg6 6. h4 h6 7. Nf3 Nd7 8. h5 Bh7 9. Bd3 Bxd3 10. Qxd3 e6 11. Bd2 Ngf6 12. O-O-O Be7 13. Kb1 a5 14. Ne4 O-O 15. c4 b5 16. c5 a4 17. Qe2 a3 18. b3 Re8 19. g4 Nxe4 20. Qxe4 Nf6 21. Qe2 Qd5 22. Ne5 Ne4 23. Be1 Ng3 24. fxg3 Qxh1 25. Nf3 Bf6 26. Bf2 Qh3 27. Nd2 Qg2 28. Ne4 Be7 29. Rg1 Qh3 30. Nd2 Bg5 31. Ne4 f5 32. Nd6 Re7 33. gxf5 exf5 34. Qf3 Qg4 35. Qxc6 Rf8 36. Qd5+ Kh7 37. Nxb5 Qe2 38. Nxa3 Qxf2 39. Rd1 Re2 40. Nc4 Rxa2 41. Qf3 Qc2# 0-1


[Site "https://www.chess.com"]

[Event "Titled Tuesday Blitz April 05 Late 2022"]
[White "Rasulov, Vugar"]
[Black "Gledura, Benjamin"]
[WhiteFideId "13402390"]
[BlackFideId "712779"]
[WhiteElo "2560"]
[BlackElo "2326"]
[Result "0-1"]
[Round "06"]
[TimeControl "180+1"]
[Date "2022.04.05"]
[WhiteClock "0:00:18"]
[BlackClock "0:00:45"]

1. d4 Nf6 2. c4 d6 3. Nf3 Nbd7 4. Nc3 e5 5. e4 Be7 6. g3 O-O 7. Bg2 c6 8. O-O a6 9. d5 Nc5 10. Ne1 a5 11. Be3 Bg4 12. Qc2 Na6 13. h3 Bd7 14. Qd2 cxd5 15. exd5 Qc8 16. Kh2 Qxc4 17. Rc1 Qc8 18. f4 exf4 19. Bxf4 Nc5 20. Nd3 b6 21. Nxc5 bxc5 22. Rce1 Qd8 23. Rxe7 Qxe7 24. Bg5 Qe5 25. Bxf6 gxf6 26. Re1 Qg5 27. Qf2 f5 28. h4 Qf6 29. Ne4 Qg6 30. Nd2 Rae8 31. Rc1 Kh8 32. Bf3 Rg8 33. Rc4 Qf6 34. Nb3 a4 35. Na5 Rb8 36. b3 axb3 37. axb3 Rb5 38. Qd2 Qg7 39. g4 fxg4 40. Bg2 g3+ 41. Kg1 Qa1+ 0-1


[Site "https://www.chess.com"]

[Event "Titled Tuesday Blitz April 05 Late 2022"]
[White "Ricaurte Lopez, Juan Carlos"]
[Black "Petrovic, Aleksa"]
[WhiteFideId "3600327"]
[BlackFideId "967629"]
[WhiteElo "2209"]
[BlackElo "2198"]
[Result "0-1"]
[Round "06"]
[TimeControl "180+1"]
[Date "2022.04.06"]
[WhiteClock "0:00:02"]
[BlackClock "0:00:06"]

1. e4 c5 2. Nf3 e6 3. d4 cxd4 4. Nxd4 a6 5. Nc3 Qc7 6. Bd3 Nf6 7. O-O Nc6 8. Nb3 Ne5 9. Kh1 b5 10. Bf4 Bd6 11. Bxb5 Bb7 12. Bd3 Neg4 13. Bxd6 Qxd6 14. g3 h5 15. h4 g5 16. hxg5 h4 17. gxf6 hxg3+ 18. Kg2 Rh2+ 19. Kf3 Ne5+ 20. Ke2 Qb6 21. Qe1 Ng4 22. Kd1 gxf2 23. Qd2 Ne3+ 24. Ke2 Nxf1 25. Rxf1 O-O-O 26. Qe3 Qxe3+ 27. Kxe3 Rdh8 28. Rxf2 R8h3+ 29. Ke2 Rxf2+ 30. Kxf2 Rh6 31. e5 Rh5 32. Nc5 Rxe5 33. Nxa6 Bxa6 34. Bxa6+ Kc7 35. Bd3 d5 36. Kf3 Rh5 37. a4 Rh6 38. Kf4 Rxf6+ 39. Ke5 Rf2 40. Nb5+ Kb6 41. b4 Rg2 42. a5+ Kb7 43. Nd4 Rg5+ 44. Kd6 Rg1 45. b5 Ra1 46. a6+ Kb6 47. Ke5 Re1+ 48. Kf6 e5 49. Nf5 e4 50. Ne7 exd3 51. cxd3 Ra1 52. Nxd5+ Kxb5 53. Kxf7 Kxa6 54. Ne7 Rd1 55. d4 Kb6 56. Ke6 Rxd4 57. Nd5+ Kc5 58. Nf6 Rd1 59. Ne4+ Kc6 60. Nf6 Re1+ 61. Kf5 Kd6 62. Ne4+ Kd5 63. Nf6+ Kd4 64. Nd7 Rf1+ 65. Ke6 Rh1 66. Nf6 Rh6 67. Kf5 Rh1 68. Nd7 Ra1 69. Ke6 Ra6+ 70. Ke7 Kd5 71. Nf6+ Ke5 72. Nd7+ Kf5 73. Nf8 Ra7+ 74. Nd7 Rb7 75. Kd6 Ra7 76. Kc6 Ke6 77. Nc5+ Ke5 78. Nd7+ Kd4 79. Nb6 Rh7 80. Nd7 Rh6+ 81. Kc7 Kd5 82. Nb6+ Kc5 83. Nd7+ Kb5 0-1


[Site "https://www.chess.com"]

[Event "Titled Tuesday Blitz April 05 Late 2022"]
[White "Ronka, Erik"]
[Black "Araujo Filho, Luiz Antonio Coel"]
[WhiteFideId "505080"]
[BlackFideId "2130661"]
[WhiteElo "2264"]
[BlackElo "2274"]
[Result "1-0"]
[Round "06"]
[TimeControl "180+1"]
[Date "2022.04.06"]
[WhiteClock "0:00:08"]
[BlackClock "0:00:05"]

1. e4 c6 2. Nf3 d5 3. Nc3 dxe4 4. Nxe4 Nf6 5. Qe2 e6 6. d4 Nbd7 7. Bd2 Nxe4 8. Qxe4 Nf6 9. Qd3 Qb6 10. O-O-O Be7 11. Rg1 O-O 12. g4 Re8 13. g5 Nd5 14. h4 Nb4 15. Qb3 a5 16. a3 a4 17. Qc4 Nd5 18. h5 Qc7 19. g6 fxg6 20. hxg6 h6 21. Ne5 Bf6 22. Nf7 b5 23. Qd3 b4 24. axb4 Qe7 25. Rh1 Nxb4 26. Qf3 a3 27. bxa3 Nd5 28. Bxh6 gxh6 29. Nxh6+ Kg7 30. Nf7 Qxa3+ 31. Qxa3 Rxa3 32. Bd3 Nf4 33. Be4 Bb7 34. Nd6 Re7 35. Rh7+ Kg8 36. Rxe7 Bxe7 37. Nxb7 Ra7 38. Nc5 Bxc5 39. dxc5 Kg7 40. Bxc6 Kxg6 41. Be4+ Kf6 42. Kb2 Rc7 43. c6 Ke5 44. f3 Nh3 45. Rh1 Nf2 46. Rh5+ Kf4 47. Rh6 Nxe4 48. fxe4 Kxe4 49. Rxe6+ Kd5 50. Re3 Rxc6 51. Rd3+ Ke6 52. Rc3 Rb6+ 53. Rb3 Rxb3+ 54. Kxb3 Kd6 55. Kc4 Kc6 56. c3 Kb6 57. Kd5 Kc7 58. Kc5 Kb7 59. Kd6 Kc8 60. Kc6 Kb8 61. c4 Kc8 62. c5 Kd8 63. Kb7 1-0


[Site "https://www.chess.com"]

[Event "Titled Tuesday Blitz April 05 Late 2022"]
[White "Rorrer, Grayson"]
[Black "Ansh M Shah"]
[WhiteFideId "30944996"]
[BlackFideId "25033379"]
[WhiteElo "2681"]
[BlackElo "2385"]
[Result "1-0"]
[Round "06"]
[TimeControl "180+1"]
[Date "2022.04.06"]
[WhiteClock "0:00:18"]
[BlackClock "0:00:03"]

1. e4 c6 2. d4 d5 3. exd5 cxd5 4. Bd3 Nf6 5. h3 Nc6 6. c3 g6 7. Nf3 Bg7 8. O-O O-O 9. Bf4 Ne4 10. Nbd2 f5 11. Bb5 a6 12. Bxc6 bxc6 13. Ne5 Bd7 14. f3 g5 15. fxe4 gxf4 16. exd5 cxd5 17. Qf3 Bxe5 18. Qxd5+ Rf7 19. Qxe5 Rg7 20. Rxf4 Kh8 21. Nf3 Bc6 22. Rxf5 Qb6 23. b3 Rg8 24. Kh2 Qb5 25. g4 Qd3 26. d5 Bd7 27. Rf7 Qc2+ 28. Kg3 h5 29. Qxh5+ Rh7 30. Rxh7+ Qxh7 31. Qxh7+ Kxh7 32. Re1 Rg7 33. c4 Rf7 34. Ng5+ 1-0


[Site "https://www.chess.com"]

[Event "Titled Tuesday Blitz April 05 Late 2022"]
[White "Rosen, Eric"]
[Black "Bowden, Karl"]
[WhiteFideId "2032562"]
[BlackFideId "400548"]
[WhiteElo "2548"]
[BlackElo "2349"]
[Result "1-0"]
[Round "06"]
[TimeControl "180+1"]
[Date "2022.04.06"]
[WhiteClock "0:00:57"]
[BlackClock "0:00:13"]

1. d4 Nf6 2. Bf4 c6 3. Nd2 Qb6 4. Ngf3 Qxb2 5. e4 Qb6 6. c3 d6 7. Rb1 Qd8 8. Bd3 g6 9. Qe2 Bg7 10. O-O O-O 11. h3 d5 12. e5 Ne8 13. Qe3 e6 14. Bh6 Nd7 15. Rfe1 c5 16. Nf1 f5 17. Bg5 Qc7 18. h4 Nb6 19. h5 Nc4 20. Qf4 gxh5 21. Ng3 Qf7 22. Qh4 Bd7 23. Nxh5 Kh8 24. Nf4 Rg8 25. Rxb7 1-0


[Site "https://www.chess.com"]

[Event "Titled Tuesday Blitz April 05 Late 2022"]
[White "Rottenwohrer Suarez, Juan"]
[Black "Romero Ruscalleda, Josep"]
[WhiteFideId "32068182"]
[BlackFideId "2231859"]
[WhiteElo "2158"]
[BlackElo "2300"]
[Result "1-0"]
[Round "06"]
[TimeControl "180+1"]
[Date "2022.04.06"]
[WhiteClock "0:00:21"]
[BlackClock "0:00:36"]

1. d4 g6 2. c4 Bg7 3. Nf3 d6 4. g3 Nf6 5. Bg2 O-O 6. O-O Bf5 7. Nc3 Qc8 8. Ne1 Bh3 9. e4 Bxg2 10. Kxg2 Nc6 11. Nc2 e5 12. d5 Ne7 13. f3 Nd7 14. b4 a5 15. a3 axb4 16. axb4 Rxa1 17. Nxa1 f5 18. Nb3 Nf6 19. c5 h6 20. Be3 Kh7 21. Na5 fxe4 22. fxe4 Ng4 23. Bg1 h5 24. h3 Nf6 25. Qa4 Nxe4 26. Rxf8 Qxf8 27. Nxe4 Nxd5 28. Nxb7 Qf5 29. b5 dxc5 30. Nbxc5 Bf8 31. Qd1 Bxc5 32. Nxc5 e4 33. Qf1 Qe5 34. Qf7+ Kh6 35. Ne6 Qb2+ 36. Kh1 e3 37. Qf8+ Kh7 38. Ng5# 1-0


[Site "https://www.chess.com"]

[Event "Titled Tuesday Blitz April 05 Late 2022"]
[White "Rudzinska, Michalina"]
[Black "Migot, Tangi"]
[WhiteFideId "1172883"]
[BlackFideId "662445"]
[WhiteElo "2295"]
[BlackElo "2517"]
[Result "0-1"]
[Round "06"]
[TimeControl "180+1"]
[Date "2022.04.06"]
[WhiteClock "0:00:02"]
[BlackClock "0:00:23"]

1. e4 c5 2. Nf3 d6 3. d4 cxd4 4. Nxd4 Nf6 5. Nc3 a6 6. Bg5 Nbd7 7. Bc4 Qc7 8. Bb3 b5 9. Qe2 Bb7 10. f3 Nc5 11. O-O-O Nxb3+ 12. axb3 e6 13. Rhe1 Be7 14. Bxf6 gxf6 15. f4 b4 16. Na4 h5 17. g4 hxg4 18. Qxg4 Rxh2 19. Rg1 Rh8 20. e5 dxe5 21. fxe5 O-O-O 22. Nxe6 fxe6 23. Qxe6+ Kb8 24. exf6 Qf4+ 25. Kb1 Qxf6 26. Qc4 Rxd1+ 27. Rxd1 Rc8 28. Qe2 Bd6 29. Rf1 Qg6 30. Nb6 Rxc2 31. Nd7+ Ka7 32. Qe3+ Bc5 33. Nxc5 Rxc5+ 34. Ka1 Qb6 35. Kb1 Rc6 36. Qxb6+ Kxb6 37. Rf4 a5 38. Rf5 Re6 39. Rf1 Be4+ 40. Kc1 Rc6+ 41. Kd2 Bd5 42. Rf5 Bxb3 43. Ke3 Rc2 44. Rf6+ Kc5 45. Rf5+ Bd5 46. b3 Rc3+ 47. Kd2 Rxb3 48. Rf8 a4 49. Rc8+ Kd4 50. Rh8 Rb2+ 51. Kc1 a3 52. Rh4+ Kc5 53. Rh8 Rg2 54. Rc8+ Kd4 55. Kb1 a2+ 56. Ka1 Rg1+ 0-1


[Site "https://www.chess.com"]

[Event "Titled Tuesday Blitz April 05 Late 2022"]
[White "Rytenko, Vsevolod"]
[Black "Papasimakopoulos, Alexandros"]
[WhiteFideId "14133040"]
[BlackFideId "4244125"]
[WhiteElo "2120"]
[BlackElo "2340"]
[Result "1-0"]
[Round "06"]
[TimeControl "180+1"]
[Date "2022.04.05"]
[WhiteClock "0:00:12"]
[BlackClock "0:00:05"]

1. e4 e6 2. d3 d5 3. Nd2 c5 4. Ngf3 Nc6 5. g3 Nge7 6. Bg2 g6 7. O-O Bg7 8. Re1 h6 9. Qe2 a5 10. h4 a4 11. Rb1 b5 12. exd5 exd5 13. c4 bxc4 14. dxc4 O-O 15. cxd5 Nxd5 16. Ne4 Nd4 17. Nxd4 cxd4 18. Qc4 Be6 19. Nc5 Rc8 20. Nxe6 Rxc4 21. Nxd8 Rxd8 22. Bd2 d3 23. h5 Rc2 24. Ba5 Rd6 25. hxg6 fxg6 26. Re6 Rd7 27. Rd1 Nc7 28. Rxg6 d2 29. Kh2 Rxb2 30. Bh3 Rf7 31. f4 Kh7 32. Rc6 Nd5 33. Rxd2 a3 34. Be6 Nc3 35. Bxf7 Rxd2+ 36. Kh3 h5 37. Bxc3 Bxc3 38. Rxc3 Kg7 39. Bb3 Kf6 40. Rc5 h4 41. Kxh4 Rh2+ 42. Kg4 Rb2 43. Rc6+ Ke7 44. Ra6 Kd7 45. Kf5 Kc7 46. Rxa3 Rf2 47. g4 Rg2 48. g5 Kb7 49. g6 Kb6 50. g7 Rxg7 51. Ra4 Kc5 52. Re4 Ra7 53. Kg6 Ra6+ 54. Re6 Ra8 55. f5 Rg8+ 56. Kf7 Rg1 57. f6 Rh1 58. Ke7 Rh7+ 59. f7 Kb5 60. Rf6 Rg7 61. Ke6 Rg1 62. f8=Q Re1+ 63. Kd7 Rd1+ 64. Rd6 Rxd6+ 65. Qxd6 Ka5 66. Qc5+ Ka6 67. Qb4 Ka7 68. Kc7 Ka6 69. Qa4# 1-0


[Site "https://www.chess.com"]